Map: 凯罗斯中转站-天梯版

Players

Reynor - Winner!

  • Race: Zerg Zerg

PSiArc

  • Race: Terran Terran
  • League: Platinum

Event: WESG 2018 Grand Finals

VOD

Have the link to the VOD?

Description

Time

  • Played on: March 12, 2019, 3:39 a.m.
  • Length: 4:23

All games in this series

Show
View Real Time Build Order
Export as new Build Order

Reynor Zerg - Winner!

Build Orders: Pool First 

Get SALT Encoding   

  12  0:01  Drone  
  13  0:12  Overlord  
  13  0:16  Drone  
  14  0:30  Drone  
  14  0:31  Drone  
  16  0:41  Spawning Pool  
  15  0:44  Drone  
  15  0:48  Drone  
  17  1:09  Hatchery  
  16  1:12  Drone  
  17  1:28  Zergling x6  
  17  1:31  Extractor  
  19  1:33  Queen  
  21  1:40  Overlord  
  21  1:50  Drone  
  22  2:01  Drone  
  22  2:09  Queen  
  22  2:11  Spine Crawler  
  22  2:13  Zergling x2  
  24  2:21  Queen  
  26  2:23  Zergling x2  
  26  2:27  Zergling x2  
  27  2:32  Zergling x2  
  27  2:35  Zergling x2  
  28  2:43  Zergling x4  
  29  2:51  Zergling x6  
  29  2:55  Zergling x2  
  30  3:03  Drone  
  31  3:05  Queen  
  31  3:08  Zergling x2  
  34  3:20  Queen  
  34  3:24  Overlord  
  36  3:31  Spine Crawler  
  35  3:34  Drone  
  36  3:42  Zergling x4  
  36  3:43  Zergling x2  
  36  3:46  Zergling x2  
  40  3:51  Zergling x2  
  40  3:52  Zergling x2  
  42  3:56  Zergling x2  
  42  4:00  Zergling x2  
Show
View Real Time Build Order
Export as new Build Order

PSiArc Terran 

Build Orders:  

Get SALT Encoding   

  12  0:00  SCV  
  13  0:12  SCV  
  14  0:17  Supply Depot  
  14  0:24  SCV  
  15  0:39  Barracks  
  15  0:51  Barracks  
  15  1:04  Barracks  
  15  1:09  SCV  
  16  1:26  Orbital Command, Marine  
  17  1:39  Marine  
  18  1:48  Marine  
  18  1:54  SCV  
  20  1:58  Supply Depot  
  20  1:59  Marine  
  20  2:00  Marine  
  22  2:08  Marine  
  22  2:16  SCV  
  22  2:17  Bunker  
  22  2:19  Marine  
  22  2:20  Marine  
  25  2:24  Supply Depot  
  25  2:25  Marine  
  25  2:36  SCV  
  26  2:37  Marine  
  26  2:40  Marine  
  28  2:47  Marine  
  28  2:50  SCV  
  29  2:55  Marine  
  29  2:57  Marine  
  28  3:02  SCV  
  28  3:05  Marine  
  30  3:14  Bunker, SCV  
  29  3:21  Marine x2  
  29  3:23  Marine  
  29  3:26  SCV  
  33  3:38  SCV  
  33  3:39  Marine x2  
  36  3:42  Marine  
  37  3:50  SCV  
  38  3:57  Marine  
  38  4:02  Marine x2  
  39  4:03  SCV  
Tags
 
Add a new tag
Caveats
  • Supply blocks, unpowered buildings, or Contaminate may cause inaccurate times.
  • Supply counts are checked every 10 seconds.